 Dungeon Crawl Stone Soup version 0.18-a0-1243-g9e52518 (webtiles) character file.

1564 namelastname112 the Cudgeler (level 8, -1/70 HPs)
             Began as a Mottled Draconian Gladiator on Feb 5, 2016.
             Slain by a centaur (4 damage)
             ... on level 5 of the Dungeon.
             The game lasted 00:08:42 (3781 turns).

namelastname112 the Cudgeler (DrGl)                 Turns: 3781, Time: 00:08:42

Health: -1/70      AC:  6    Str: 18    XL:     8   Next: 58%
Magic:  8/8        EV: 14    Int:  9    God:
Gold:   213        SH:  0    Dex: 13    Spells: 0 memorised, 7 levels left

rFire  . . .     SeeInvis .     G - +4 flail (drain)
rCold  . . .     Gourm    .     (armour unavailable)
rNeg   + . .     Faith    .     (no shield)
rPois  +         Spirit   .     b - +0 hat
rElec  .         Dismiss  .     (no cloak)
rCorr  .         Reflect  .     (no gloves)
SustAt .         Harm     .     (no boots)
MR     .....                    i - amulet of regeneration
Stlth  +.........               D - ring of positive energy
                                j - ring of poison resistance

@: short of breath, drained, not resistant to hostile enchantments, very
unstealthy
A: breathe sticky flame splash, unfitting armour, cold-blooded, AC +6
a: Breathe Sticky Flame


You were on level 5 of the Dungeon.
You were not hungry.

You visited 1 branch of the dungeon, and saw 5 of its levels.
You also visited: Sewer.

You collected 213 gold pieces.

Inventory:

Hand Weapons
 G - a +4 flail of draining (weapon)
Missiles
 c - 3 throwing nets (quivered)
 e - 4 javelins
Armour
 b - a +0 hat (worn)
Jewellery
 i - an amulet of regeneration (around neck)
 j - a ring of poison resistance (left hand)
 s - an uncursed amulet of magic regeneration
 D - a ring of positive energy (right hand)
 E - an uncursed ring of flight
Scrolls
 g - 4 scrolls of teleportation {unknown}
 h - 4 scrolls of identify {unknown}
 n - 2 scrolls of enchant armour {unknown}
 r - a scroll of fog {unknown}
 t - a scroll of random uselessness {unknown}
 v - 3 scrolls of immolation {unknown}
 y - a scroll of fear {unknown}
 z - a scroll of noise {unknown}
Potions
 a - a potion of berserk rage {unknown}
 f - 2 potions of might {unknown}
 k - 3 potions of curing {unknown}
 l - a potion of resistance {unknown}
 m - 3 potions of poison {unknown}
 o - a potion of heal wounds {unknown}
 q - 3 potions of brilliance {unknown}
 u - 3 potions of agility
 w - 2 potions of magic {unknown}
 x - a potion of haste
 B - a potion of beneficial mutation {unknown}
 C - a potion of flight {unknown}
Comestibles
 d - 5 bread rations
 p - 3 meat rations


   Skills:
 + Level 5.7(5.3) Fighting
 * Level 7.6(7.2) Maces & Flails
 + Level 4.6(4.3) Throwing
 + Level 5.1(4.7) Dodging


You had 7 spell levels left.
You didn't know any spells.

Dungeon Overview and Level Annotations

Branches:
Dungeon (5/15)
 Temple: D:4-7

Altars:
Cheibriados
Elyvilon
Nemelex Xobeh
Trog
Zin
The Shining One


Innate Abilities, Weirdness & Mutations

You can spit globs of burning liquid.
You can ignite nearby creatures when you spit burning liquid.
Your weird mottled scales are hard (AC +6).
Your body does not fit into most forms of armour.
You are cold-blooded and may be slowed by cold attacks.


Message History

* * * LOW HITPOINT WARNING * * *
You see here an arrow.
A centaur is nearby!
A centaur is nearby!
There is an open door here.
You see here a club.
There isn't anything to butcher here.
You start resting.
Eating a chunk of flesh.
This raw flesh tastes terrible.
You continue eating. x2
The centaur shoots an arrow.
The arrow hits you!
* * * LOW HITPOINT WARNING * * *
The centaur shoots an arrow.
The arrow hits you.
* * * LOW HITPOINT WARNING * * *
The centaur unwields an uncursed shortbow.
The centaur closely misses you.
There is an open door here.
You hit the centaur.
The centaur is moderately wounded.
The centaur hits you.
You die...

#..........# #..##..........##
#...?......# #..............#
#..........#######............
+..........+..................
#..........#######(#####......
#.......c..#######.### ....
####..##.....(..)..(.# .....
#......####c..PP..## ..)
##.#...#.(@..####(.# .#.
#.#...#))#..#..#).# #^
.....####..#..#..# ...
......#.)'..#'##..# .
......#..#........####..#
#####..P............
#.)'...####..#####..
#..#...#..#..# #.(#...'..#..#


You could see a centaur.

Vanquished Creatures
  Eustachio (D:4)
  The ghost of Gagarin the Insei, an amateur OpTm (Sewer)
  Edmund (D:5)
  A water moccasin (D:5)
  An ice beast (D:5)
  3 ogres (D:5)
  2 centaurs (D:5)
  A big kobold (Sewer)
  A giant frog (D:4)
  2 crimson imps
  A quasit (D:5)
  A hound (D:5)
  2 orc wizards (D:3)
  An iguana (D:4)
  A hound skeleton (D:5)
  Robin (D:4)
  6 adders
  A gnoll (D:2)
  An ooze (D:2)
  3 worms
  4 giant geckos
  14 orcs
  7 giant cockroaches
  21 goblins
  9 hobgoblins
  5 jackals (D:5)
  22 kobolds
  A quokka (D:3)
  2 ball pythons (Sewer)
  8 bats
  7 giant newts
  13 rats
145 creatures vanquished.

Notes
Turn   | Place    | Note
--------------------------------------------------------------
     0 | D:1      | namelastname112 the Draconian Gladiator began the quest for the Orb.
     0 | D:1      | Reached XP level 1. HP: 17/17 MP: 1/1
   251 | D:1      | Reached XP level 2. HP: 25/25 MP: 2/2
   587 | D:2      | Found a glowing golden altar of the Shining One.
   588 | D:2      | Found a glowing silver altar of Zin.
   589 | D:2      | Found a white marble altar of Elyvilon.
   842 | D:2      | Found a sparkling altar of Nemelex Xobeh.
   892 | D:2      | Reached XP level 3. HP: 28/30 MP: 3/3
  1060 | D:2      | Reached XP level 4. HP: 38/38 MP: 4/4
  1191 | D:2      | Found a snail-covered altar of Cheibriados.
  1336 | D:3      | Reached skill level 4 in Maces & Flails
  1583 | D:3      | Reached XP level 5. HP: 20/45 MP: 5/5
  1663 | D:3      | Found a bloodstained altar of Trog.
  1681 | D:3      | Found a glowing drain.
  1700 | Sewer    | Entered a sewer
  1734 | Sewer    | Noticed Gagarin's ghost (amateur OpTm)
  1758 | Sewer    | Killed Gagarin's ghost
  1758 | Sewer    | Reached XP level 6. HP: 35/52 MP: 6/6
  1786 | Sewer    | Reached skill level 5 in Maces & Flails
  2434 | D:4      | Noticed Eustachio
  2734 | D:4      | Killed Eustachio
  2734 | D:4      | Reached XP level 7. HP: 58/60 MP: 7/7
  2734 | D:4      | Your scales start taking on a weird mottled colour.
  3306 | D:4      | Noticed Robin
  3329 | D:4      | Killed Robin
  3424 | D:5      | Entered Level 5 of the Dungeon
  3439 | D:5      | Reached skill level 6 in Maces & Flails
  3544 | D:5      | Reached skill level 5 in Fighting
  3567 | D:5      | Reached XP level 8. HP: 59/68 MP: 8/8
  3682 | D:5      | Reached skill level 7 in Maces & Flails
  3735 | D:5      | Noticed Edmund
  3743 | D:5      | Reached skill level 5 in Dodging
  3761 | D:5      | Killed Edmund
  3779 | D:5      | HP: 1/70 [centaur/arrow (5)]
  3781 | D:5      | Slain by a centaur

Vault maps used:
D:1:      dpeg_arrival_more_subterranean_lakeside_camping
D:2:      kennysheep_six_static_rooms, good_gods_temple_1, lemuel_doored_altar,
          marbit_many_paths, kennysheep_generic_room_8
D:3:      portal_sewer_entry_d, first_bread, grunt_decor_clamped, bloody_trog
D:4:      uniq_eustachio, uniq_robin
D:5:      corexii_shack_village, lemuel_coloured_pillars_altar, uniq_edmund
Sewer:    kennysheep_pipe_town

Action                   |  1- 3 |  4- 6 |  7- 9 || total
-------------------------+-------+-------+-------++-------
Melee: Flail             |   100 |   250 |   166 ||   516
 Abil: Breathe Sticky Fl |       |       |     2 ||     2
  Use: Potion            |       |     2 |       ||     2
 Stab: Sleeping          |     1 |       |       ||     1
  Eat: Chunk             |     1 |     5 |     4 ||    10
       Fruit             |       |     1 |       ||     1
